 Dungeon Crawl Stone Soup version 0.25-a0-517-gf8b3a32422 (webtiles) character file.

Game seed: 13887884127019119170, levelgen mode: deterministic

1054 drasked the Conjurer (level 8, -8/41 HPs)
             Began as a Deep Elf Wizard on Feb 18, 2020.
             Killed from afar by an orc wizard (12 damage)
             ... with a puff of frost
             ... on level 5 of the Dungeon.
             The game lasted 00:21:17 (7793 turns).

drasked the Conjurer (Deep Elf Wizard)              Turns: 7793, Time: 00:21:18

Health: -8/41      AC:  2    Str:  4    XL:     8   Next: 5%
Magic:  3/18       EV: 13    Int: 26    God:
Gold:   280        SH:  0    Dex: 13    Spells: 10/18 levels left

rFire    . . .     SeeInvis .   h - +2 whip (venom)
rCold    . . .     Gourm    .   (no shield)
rNeg     . . .     Faith    .   a - +0 robe
rPois    .         Spirit   .   b - +0 hat
rElec    .         Reflect  .   (no cloak)
rCorr    .         Harm     .   (no gloves)
MR       .....                  (no boots)
Stlth    ++........             (no amulet)
HPRegen  0.13/turn              (no ring)
MPRegen  0.16/turn              (no ring)

@: no status effects
A: no striking features
a: no special abilities


You were on level 5 of the Dungeon.
You were not hungry.

You visited 1 branch of the dungeon, and saw 5 of its levels.

You collected 280 gold pieces.

Inventory:

Hand Weapons
 h - a +2 whip of venom (weapon)
   (You took it off an orc on level 4 of the Dungeon)
 q - the cursed +1 whip of the Reaper {flame, *Contam rElec MR+ Str+4, unknown}
   (You found it on level 5 of the Dungeon)

   It has been specially enchanted to burn those struck by it, causing extra
   injury to most foes and up to half again as much damage against particularly
   susceptible opponents.
   It affects your strength (+4).
   It insulates you from electricity.
   It affects your resistance to hostile enchantments.
   It causes magical contamination when unequipped.
   It has a curse placed upon it.
Missiles
 k - 5 atropa-tipped darts (quivered)
Armour
 a - a +0 robe (worn)
 b - a +0 hat (worn)
Jewellery
 p - an uncursed ring of protection from fire {unknown}
   (You found it on level 4 of the Dungeon)
Wands
 d - a wand of paralysis (9)
   (You found it on level 2 of the Dungeon)
Scrolls
 f - 4 scrolls of remove curse {unknown}
 i - 8 scrolls of identify
 j - 3 scrolls of teleportation {unknown}
 l - a scroll of amnesia {unknown}
 m - a scroll of immolation {unknown}
 o - a scroll of random uselessness {unknown}
Potions
 c - a potion of mutation {unknown}
 g - a potion of ambrosia
 s - a potion of agility
Comestibles
 e - 7 rations
 n - 2 chunks of flesh {@w0}


   Skills:
 - Level 2.4 Dodging
 - Level 2.4 Stealth
 + Level 5.9 Spellcasting
 + Level 7.7 Conjurations
 - Level 6.0 Summonings
 - Level 1.1 Translocations


You had 10 spell levels left.
You knew the following spells:

 Your Spells              Type           Power        Failure   Level  Hunger
a - Magic Dart            Conj           ####         1%          1    None
b - Blink                 Tloc           N/A          7%          2    None
c - Call Imp              Summ           #####...     1%          2    None
x - Mephitic Cloud        Conj/Pois/Air  ###.....     8%          3    None

Your spell library contained the following spells:

 Spells                   Type           Power        Failure   Level  Hunger
 Conjure Flame            Conj/Fire      ####....     4%          3    None
 Slow                     Hex            #.......     11%         2    None


Dungeon Overview and Level Annotations

Branches:
Dungeon (5/15)
 Temple: D:4-7

Altars:


Message History

You start resting.
Eating one of 3 chunks of flesh {@w0}.
You eat one of the 3 chunks of flesh {@w0}.
The hound zombie is too close now for your liking.
A hound zombie is nearby!
Autopickup is now off.
Autopickup is now on.
Aim: a hound zombie The magic dart hits the hound zombie!
* * * LOW MAGIC WARNING * * *
Your crimson imp blinks!
A beastly little devil appears in a puff of flame.
* * * LOW MAGIC WARNING * * *
A beastly little devil appears in a puff of flame.
* * * LOW MAGIC WARNING * * *
Your crimson imp blinks!
What are your orders? t - Shout!
Orders for allies: a - Attack new target. p - Attack previous target. r - Retreat! s - Stop attacking. g - Guard the area. f - Follow me.
Anything else - Cancel.
Gang up on whom?
Aim: a hound zombie (moderately damaged) Attack!
The hound zombie closely misses your crimson imp.
The hound zombie barely misses your crimson imp.
Your crimson imp blinks!
The hound zombie closely misses your crimson imp.
The hound zombie closely misses your crimson imp.
The hound zombie bites your crimson imp.
The hound zombie barely misses your crimson imp.
Your crimson imp disappears in a puff of smoke!
The hound zombie bites your crimson imp.
An orc wizard comes into view. It is wielding a +0 flail.
Your crimson imp blinks!
An orc wizard comes into view. It is wielding a +0 dagger.
You don't have enough magic to cast that spell.
The orc wizard hits your crimson imp with a +0 flail.
The orc wizard closely misses your crimson imp.
The orc wizard closely misses your crimson imp.
Your crimson imp is smitten.
The orc wizard misses your crimson imp.
The orc wizard hits your crimson imp but does no damage.
The orc wizard mumbles some strange words.
The orc wizard flickers and vanishes!
Deactivating autopickup; reactivate with Ctrl-A.
You hit the hound zombie. The hound zombie closely misses you.
You barely miss the hound zombie.
The hound zombie bites you but does no damage.
An orc wizard comes into view. It is wielding a +0 dagger.
An orc priest comes into view.
It is wielding a +2 short sword of draining.
Something barely misses your crimson imp.
The orc wizard barely misses your crimson imp.
The hound zombie bites you.
The orc wizard hits your crimson imp with a +0 dagger.
Something hits your crimson imp but does no damage.
You see here 7 gold pieces.
The hound zombie barely misses you.
Aim: a hound zombie (almost destroyed)
The magic dart hits the hound zombie!
You destroy the hound zombie!
* * * LOW MAGIC WARNING * * *
Your crimson imp blinks!
The orc wizard hits your crimson imp but does no damage.
Your crimson imp blinks!
Something completely misses your crimson imp.
Something closely misses your crimson imp.
Your crimson imp is smitten.
Your crimson imp dies!
Something hits you!
You see here a dazzling whip.
q - a dazzling whip Something hits you!
* * * LOW HITPOINT WARNING * * *
The orc priest casts a cantrip, but nothing happens.
Something hits you.
* * * LOW HITPOINT WARNING * * *
The orc wizard points at you and mumbles some strange words.
The magic dart hits something!
The orc wizard gestures at you while chanting.
Something hits you!
* * * LOW HITPOINT WARNING * * *
The orc priest looks satisfied for a moment.
You see here a scroll labeled MIZAUR DUMOEN.
You swap places.
Something closely misses your crimson imp.
The orc wizard mumbles some strange words.
The orc wizard blinks!
You see here 8 boomerangs.
Something barely misses your crimson imp.
Something hits your crimson imp!
Your crimson imp disappears in a puff of smoke!
A puff of flame appears from out of thin air!
The puff of flame hits you.
* * * LOW HITPOINT WARNING * * *
The ball explodes into a vile cloud!
* * * LOW MAGIC WARNING * * *
A puff of frost appears from out of thin air!
The puff of frost hits you!
You die...

......## .......#
######.# ...###.#
....##.# .....#.####
######
..........########....
.....#.............#####
....##...>......@....○☼#
...###################.#
#....# #.# #....# #.#
##...# #{# ###.## #(# #
.# #?# # # #o# # ##.##
##


There were no monsters in sight!

Levels and vault maps discovered:
D:1:      minmay_arrival_floating_metal, layout_basic, nrook_mini_vaults
D:2:      layout_rooms, first_ration
D:3:      layout_loops_ring
D:4:      layout_basic, minmay_small_thing
D:5:      layout_loops_ring, uniq_menkaure

Notes
Turn   | Place    | Note
-------+----------+-------------------------------------------
     0 | D:1      | drasked the Deep Elf Wizard began the quest for the Orb.
     0 | D:1      | Reached XP level 1. HP: 10/10 MP: 7/7
   154 | D:1      | Identified a +0 club
   181 | D:1      | Identified a +0 hand axe (You found it on level 1 of the
                  | Dungeon)
   194 | D:1      | Reached skill level 2 in Conjurations
   225 | D:1      | Identified a +0 club
   228 | D:1      | Reached XP level 2. HP: 15/15 MP: 2/9
   232 | D:1      | Learned a level 2 spell: Call Imp
   235 | D:1      | Learned a level 2 spell: Blink
   329 | D:1      | Identified a +0 dagger
   424 | D:1      | Identified a +0 club
   945 | D:2      | Identified a +0 dagger
   955 | D:2      | Identified a +0 whip (You found it on level 2 of the
                  | Dungeon)
  1065 | D:2      | Identified a +0 whip
  1078 | D:2      | Reached skill level 3 in Conjurations
  1238 | D:2      | Reached XP level 3. HP: 14/19 MP: 4/10
  1369 | D:2      | Identified a +0 short sword
  1369 | D:2      | Identified a cursed -1 short sword
  1369 | D:2      | Identified a +0 ring mail
  1384 | D:2      | Identified a +0 hand axe
  1399 | D:2      | Identified a +0 club
  1613 | D:2      | Identified a +0 whip
  1617 | D:2      | Reached skill level 2 in Summonings
  1617 | D:2      | Reached XP level 4. HP: 24/24 MP: 3/12
  1618 | D:2      | Reached skill level 4 in Conjurations
  2336 | D:3      | Identified a +0 dagger
  2576 | D:3      | Identified a +0 short sword
  2592 | D:3      | Identified a +0 club
  2592 | D:3      | Identified a +0 leather armour of poison resistance
  2593 | D:3      | Identified a +0 dagger
  2593 | D:3      | Identified a +0 leather armour
  2800 | D:3      | Identified a +0 dagger
  2817 | D:3      | Identified a +0 club
  2912 | D:3      | Reached XP level 5. HP: 25/28 MP: 6/13
  3176 | D:3      | Identified a +0 short sword
  3177 | D:3      | Reached skill level 3 in Summonings
  3182 | D:3      | Learned a level 3 spell: Mephitic Cloud
  3186 | D:3      | Identified a +0 club
  3204 | D:3      | Identified a +0 whip
  3454 | D:4      | Identified a +2 whip of venom
  3459 | D:4      | Identified a +0 short sword
  3467 | D:4      | Identified a +0 dagger
  3472 | D:4      | Identified a +0 hand axe
  3475 | D:4      | Reached skill level 5 in Conjurations
  3475 | D:4      | Identified a +0 dagger
  3475 | D:4      | Identified a +0 robe
  3654 | D:4      | Identified a +0 dagger
  3654 | D:4      | Identified a +0 robe
  3655 | D:4      | Identified a cursed -1 flail
  3655 | D:4      | Identified a +0 leather armour
  3749 | D:4      | Identified a +0 club
  3749 | D:4      | Identified a +0 scale mail
  3751 | D:4      | Identified a +0 ring mail
  3753 | D:4      | Identified a +0 flail
  4111 | D:4      | Identified a +0 hand axe
  4121 | D:4      | Reached skill level 4 in Summonings
  4121 | D:4      | Reached XP level 6. HP: 11/32 MP: 12/14
  4124 | D:4      | HP: 8/32 [poisoned by a scorpion]
  4126 | D:4      | Identified 9 scrolls of identify
  4126 | D:4      | Identified a potion of agility
  4128 | D:4      | Identified a potion of invisibility
  4129 | D:4      | Identified a potion of degeneration
  4130 | D:4      | Identified a potion of ambrosia
  4130 | D:4      | HP: 3/32 [poisoned by a scorpion]
  4131 | D:4      | Identified a potion of curing
  4135 | D:4      | HP: 7/32 [orc wizard/+0 hand axe (2)]
  4432 | D:4      | Identified a +0 giant club
  4440 | D:4      | Reached skill level 6 in Conjurations
  4558 | D:4      | Reached skill level 5 in Summonings
  4852 | D:4      | Identified a +0 club
  5015 | D:4      | Identified a +0 short sword
  5070 | D:4      | Identified a +1 antimagic dagger
  5070 | D:4      | Identified a +0 robe
  5070 | D:4      | Identified a +0 club
  5070 | D:4      | Identified a +0 short sword
  5070 | D:4      | Identified a +0 leather armour
  5070 | D:4      | Identified a +0 club
  5073 | D:4      | Reached XP level 7. HP: 36/36 MP: 9/15
  5454 | D:4      | Identified a +0 giant club
  5454 | D:4      | Identified a cursed -2 giant club
  5454 | D:4      | Noticed a two-headed ogre
  5627 | D:4      | HP: 8/36 [two-headed ogre/+0 giant club (21)]
  5666 | D:4      | HP: 7/36 [centaur skeleton (6)]
  5670 | D:4      | HP: 1/36 [centaur skeleton (6)]
  6092 | D:5      | Entered Level 5 of the Dungeon
  6174 | D:5      | Noticed Menkaure
  6353 | D:5      | HP: 6/36 [??? (4)]
  7095 | D:5      | Reached skill level 7 in Conjurations
  7095 | D:5      | Reached skill level 6 in Summonings
  7216 | D:5      | Killed Menkaure
  7216 | D:5      | Reached skill level 5 in Spellcasting
  7719 | D:5      | Identified a +0 dagger
  7719 | D:5      | Identified a +0 leather armour
  7741 | D:5      | Reached XP level 8. HP: 34/41 MP: 3/18
  7761 | D:5      | Identified a +0 flail
  7761 | D:5      | Identified a +0 robe
  7762 | D:5      | Identified a +0 dagger
  7762 | D:5      | Identified a +0 robe
  7770 | D:5      | Identified a +0 dagger
  7770 | D:5      | Identified a cursed +0 robe
  7770 | D:5      | Identified a +2 short sword of draining
  7778 | D:5      | Got a dazzling whip
  7780 | D:5      | HP: 7/41 [something (7)]
  7786 | D:5      | HP: 3/41 [something/puff of flame (4)]
  7793 | D:5      | Killed from afar by an orc wizard

Table legend:
 A = Turns spent in this place as a percentage of turns spent in the entire game.
 B = Non-inter-level travel turns spent in this place as a percentage of non-inter-level travel turns spent in the entire game.
 C = Inter-level travel turns spent in this place as a percentage of turns spent in this place.
 D = Turns resting spent in this place as a percentage of non-inter-level travel turns spent in this place.
 E = Turns spent auto-exploring this place as a percentage of non-inter-level travel turns spent in this place.
 F = Non-inter-level travel turns spent in this place divided by the number of levels of this place that you've seen.
                   A       B       C       D       E      F
               +-------+-------+-------+-------+-------+----------------------
         Total | 100.0 | 100.0 |   3.2 |  50.7 |  33.3 | 1508.0
       Dungeon | 100.0 | 100.0 |   3.2 |  50.7 |  33.3 | 1508.0
               +-------+-------+-------+-------+-------+----------------------

Table legend:
 A = Kills in this place as a percentage of kills in entire the game.
 B = Kills by you in this place as a percentage of kills by you in the entire game.
 C = Kills by friends in this place as a percentage of kills by friends in the entire game.
 D = Other kills in this place as a percentage of other kills in the entire game.
 E = Experience gained in this place as a percentage of experience gained in the entire game.
 F = Experience gained in this place divided by the number of levels of this place that you have seen.
                   A       B       C       D       E      F
               +-------+-------+-------+-------+-------+----------------------
         Total | 100.0 | 100.0 | 100.0 | 100.0 | 100.0 | 301.4
       Dungeon | 100.0 | 100.0 | 100.0 | 100.0 | 100.0 | 301.4
               +-------+-------+-------+-------+-------+----------------------

Skill      XL: |  1  2  3  4  5  6  7 |
---------------+----------------------+-----
Conjurations   | 2 3 4 5 6 7 |  7.7
Summonings     | 2 4 5 6 |  6.0
Spellcasting   | 5 |  5.9
Dodging        | |  2.4
Stealth        | |  2.4
Translocations | |  1.1

Action                   |  1- 3 |  4- 6 |  7- 9 || total
-------------------------+-------+-------+-------++-------
Melee: Whip              |     9 |    25 |    25 ||    59
 Cast: Magic Dart        |    82 |   149 |    90 ||   321
       Call Imp          |     1 |     5 |    18 ||    24
       Mephitic Cloud    |       |    15 |     9 ||    24
       Blink             |       |       |     1 ||     1
  Use: Scroll            |       |     5 |       ||     5
       Potion            |       |     1 |     1 ||     2
 Stab: Confused          |       |     2 |       ||     2
  Eat: Chunk             |     2 |    10 |     3 ||    15
       Ration            |       |       |     2 ||     2
Armor: Robe              |     4 |       |     3 ||     7
Dodge: Dodged            |    12 |    23 |    36 ||    71

Vanquished Creatures
  Menkaure (D:5)
  A sky beast (D:5)
  An ogre (D:4)
  A phantom (D:5)
  A scorpion (D:4)
  A howler monkey (D:5)
  2 centaur skeletons
  2 orc priests (D:4)
  3 orc wizards (D:4)
  A hound (D:4)
  5 worker ants
  A hound zombie (D:5)
  A hound skeleton (D:4)
  A worker ant zombie (D:5)
  2 gnolls (D:3)
  7 adders
  A shadow imp (D:5)
  3 worms
  2 dart slugs
  4 leopard geckos
  20 orcs
  A ball python (D:2)
  6 giant cockroaches
  6 hobgoblins
  19 jackals
  9 kobolds
  A quokka (D:2)
  7 bats
  A frilled lizard (D:1)
  6 goblins
  10 rats
127 creatures vanquished.

Vanquished Creatures (collateral kills)
  A gnoll (D:3)
  A shadow imp (D:5)
  A worm (D:2)
3 creatures vanquished.

Grand Total: 130 creatures vanquished
